 Dungeon Crawl Stone Soup version 0.24.1-14-gf8d2b509d9 (webtiles) character file.

Game seed: 13027437560807169902, levelgen mode: deterministic

395 Mrkan the Caller (level 7, 0/40 HPs)
             Began as a Kobold Summoner on May 21, 2020.
             Slain by a centaur (9 damage)
             ... on level 4 of the Dungeon.
             The game lasted 00:18:22 (6583 turns).

Mrkan the Caller (Kobold Summoner)                  Turns: 6583, Time: 00:18:22

Health: 0/40       AC:  8    Str:  6    XL:     7   Next: 9%
Magic:  4/12       EV: 17    Int: 18    God:
Gold:   119        SH:  0    Dex: 18    Spells: 6/13 levels left

rFire    x . .     SeeInvis .   (weapon restricted)
rCold    + . .     Gourm    .   (shield restricted)
rNeg     + . .     Faith    .   v - +1 robe of Ycwahisa {MR+ Dex+3}
rPois    .         Spirit   .   (no helmet)
rElec    .         Reflect  .   (no cloak)
rCorr    .         Harm     .   (no gloves)
MR       +....                  g - +1 pair of boots
Stlth    ++........             (no amulet)
HPRegen  0.13/turn              s - ring "Wuudwila" {Ice rN+}
MPRegen  0.13/turn              q - +3 ring of protection

@: very slightly contaminated
A: small, carnivore
a: no special abilities


You were on level 4 of the Dungeon.
You were full.

You visited 1 branch of the dungeon, and saw 5 of its levels.

You collected 327 gold pieces.
You spent 208 gold pieces at shops.

Inventory:

Armour
 a - a +0 robe
 g - a +1 pair of boots (worn)
 v - the +1 robe of Ycwahisa (worn) {MR+ Dex+3}
   (You found it on level 4 of the Dungeon)

   It affects your dexterity (+3).
   It affects your resistance to hostile enchantments.
Jewellery
 k - a +3 ring of dexterity
 n - a cursed -6 ring of intelligence
 q - a +3 ring of protection (right hand)
 s - the ring "Wuudwila" (left hand) {Ice rN+}
   (You bought it in a shop on level 4 of the Dungeon)

   [ring of ice]

   It enhances your ice magic.
   It makes you vulnerable to fire.
   It protects you from cold.
   It protects you from negative energy.
Wands
 p - a wand of scattershot (5)
Scrolls
 e - 2 scrolls of enchant weapon
 f - 3 scrolls of teleportation
 j - a scroll of fog {unknown}
 t - a scroll of remove curse
 u - a scroll of immolation {unknown}
 w - a scroll of random uselessness {unknown}
Potions
 b - 2 potions of resistance {unknown}
 h - a potion of curing
 i - a potion of agility {unknown}
 l - 2 potions of lignification {unknown}
 m - 2 potions of flight {unknown}
 o - a potion of magic {unknown}
 r - 2 potions of ambrosia {unknown}
 x - a potion of berserk rage {unknown}
Comestibles
 c - 7 rations


   Skills:
 + Level 2.8 Fighting
 + Level 4.0 Dodging
 - Level 2.6 Stealth
 + Level 3.5 Spellcasting
 * Level 5.6 Summonings
 + Level 2.0 Ice Magic


You had 6 spell levels left.
You knew the following spells:

 Your Spells              Type           Power        Failure   Level  Hunger
a - Summon Small Mammal   Summ           ###.         1%          1    None
b - Call Imp              Summ           ###.....     2%          2    ##.....
c - Summon Ice Beast      Ice/Summ       ####....     30%         4    ####...

Your spell library contained the following spells:

 Spells                   Type           Power        Failure   Level  Hunger
 Call Canine Familiar     Summ           ###.....     4%          3    ###....
 Summon Guardian Golem    Hex/Summ       ##......     14%         3    ###....
 Summon Lightning Spire   Summ/Air       ##......     43%         4    ####...


Dungeon Overview and Level Annotations

Branches:
Dungeon (5/15)
 Temple: D:4-7

Altars:
Makhleb

Shops:
D:4 *


Innate Abilities, Weirdness & Mutations

You are small and have problems with some larger weapons.
You are carnivorous and can eat meat at any time.


Message History

Confirm with . or Enter, or press ? or * to list all spells.
You feel a surge of power!
You miscast Summon Ice Beast.
You are very lightly contaminated with residual magic.
You feel a strange surge of energy! The centaur misses your crimson imp.
The centaur barely misses your crimson imp.
The centaur hits your crimson imp.
Your crimson imp hits the centaur.
The centaur barely misses your crimson imp.
Your crimson imp blinks!
There is a stone staircase leading up here.
The centaur hits you.
* * * LOW HITPOINT WARNING * * *
The centaur closely misses you.
You climb upwards.
There is a stone staircase leading down here.
Casting: Summon Ice Beast (quite dangerous; 30% risk of failure)
Confirm with . or Enter, or press ? or * to list all spells.
You don't have enough magic to cast that spell.
The centaur barely misses you. The centaur hits you!
You die...

.# #....###..........# .#
#####....##.(..5..##.##
.###...............#.##.# #####
.....##.....#..###.#.##.#####...#
##[...........># #.#.##.##.....##
....####......####.#.....5.....#
#....##.........#.....#.##5#####
#.##....###.###c.###.##.##5#
......### #.# ##@[##.##.##5##
.#.#.## #.# ##...........# #..#.#
#.# #........##.#
#.##5######.#####........##.#
.........................#..#
..5........#######.......#.##
.......<.................#.#
.###.<#####≈≈.≈≈.........#.####
.# #.(# ##≈#+#≈.##.#.........#


You could see a centaur.

Vanquished Creatures
  An adder (D:4)
  A shadow imp (D:5)
  A giant cockroach (D:3)
  4 rats (D:3)
7 creatures vanquished.

Vanquished Creatures (collateral kills)
  Grinder (D:4)
  A phantom (D:5)
  Blork the orc (D:5)
  3 hounds
  An orc priest (D:3)
  Jessica (D:3)
  An iguana (D:4)
  2 orc wizards
  3 adders
  An ooze (D:1)
  An adder skeleton (D:4)
  4 worms
  3 dart slugs
  A leopard gecko (D:1)
  11 orcs
  4 bats
  7 giant cockroaches
  14 goblins
  8 hobgoblins
  6 kobolds
  4 quokkas
  4 ball pythons
  3 frilled lizards (D:2)
  A quokka skeleton (D:4)
  4 rats
90 creatures vanquished.

Grand Total: 97 creatures vanquished

Notes
Turn   | Place    | Note
-------+----------+-------------------------------------------
     0 | D:1      | Mrkan the Kobold Summoner began the quest for the Orb.
     0 | D:1      | Reached XP level 1. HP: 10/10 MP: 3/3
   442 | D:1      | Reached XP level 2. HP: 3/16 MP: 0/5
   847 | D:1      | Learned a level 2 spell: Call Imp
  1996 | D:2      | Reached skill level 1 in Fighting
  1996 | D:2      | Reached XP level 3. HP: 12/20 MP: 1/6
  3231 | D:3      | Noticed Jessica
  3250 | D:3      | Killed Jessica
  3250 | D:3      | Reached XP level 4. HP: 8/25 MP: 1/8
  3458 | D:3      | Learned a level 4 spell: Summon Ice Beast
  4954 | D:4      | Reached XP level 5. HP: 30/30 MP: 4/9
  4964 | D:4      | Reached skill level 1 in Ice Magic
  5403 | D:4      | Found Koloolom's Assorted Antiques.
  5428 | D:4      | Bought a pitted ivory ring for 130 gold pieces
  5428 | D:4      | Bought a scroll of remove curse for 78 gold pieces
  5429 | D:4      | Identified the ring "Wuudwila" {Ice rN+} (You bought it in
                  | a shop on level 4 of the Dungeon)
  5442 | D:4      | Noticed Grinder
  5520 | D:4      | Killed Grinder
  5520 | D:4      | Reached skill level 5 in Summonings
  5520 | D:4      | Reached XP level 6. HP: 31/36 MP: 2/10
  5599 | D:4      | Found a burning altar of Makhleb.
  5611 | D:4      | Got a thick robe
  5622 | D:4      | Identified the +1 robe of Ycwahisa {MR+ Dex+3} (You found
                  | it on level 4 of the Dungeon)
  5944 | D:5      | Entered Level 5 of the Dungeon
  6086 | D:5      | Noticed a phantom
  6174 | D:5      | Noticed Blork the orc
  6214 | D:5      | Killed Blork the orc
  6263 | D:5      | Killed a phantom
  6263 | D:5      | Reached XP level 7. HP: 11/40 MP: 3/12
  6566 | D:5      | HP: 1/40 [centaur/arrow (7)]
  6583 | D:4      | Slain by a centaur

Levels and vault maps discovered:
D:1:      zelgadis_glass_arrival_small, layout_basic
D:2:      lemuel_upstairs_altar, layout_basic, kennysheep_crisscross
D:3:      layout_loops_ring, first_ration, portal_sewer_entry_e, uniq_jessica
D:4:      cheibrodos_greedy_goblins, layout_rooms, kennysheep_mini_moat,
          serial_shops, shop, uniq_grinder
D:5:      layout_basic, uniq_pikel, uniq_blork_the_orc, uniq_edmund

Skill      XL: |  1  2  3  4  5  6 |
---------------+-------------------+-----
Fighting       | 1 2 |  2.8
Dodging        | 3 4 |  4.0
Ice Magic      | 1 2 |  2.0
Spellcasting   | 3 |  3.5
Summonings     | 5 |  5.6
Stealth        | |  2.6

Action                   |  1- 3 |  4- 6 |  7- 9 || total
-------------------------+-------+-------+-------++-------
Melee: Unarmed           |     2 |    97 |       ||    99
 Cast: Summon Small Mamm |    20 |       |       ||    20
       Call Imp          |    39 |    66 |     7 ||   112
       Summon Ice Beast  |       |     4 |       ||     4
  Use: Scroll            |       |     6 |       ||     6
       Potion            |       |     1 |     2 ||     3
  Eat: Chunk             |    16 |    14 |       ||    30
Armor: Robe              |     7 |    27 |     3 ||    37
Dodge: Dodged            |    59 |   105 |    10 ||   174
